 Dungeon Crawl Stone Soup version 0.30-a0-1066-g63dfefce0d (webtiles) character file.

Game seed: 11792134653417142064

3050 Newt the Skirmisher (level 10, 0/53 HPs)
             Began as a Kobold Hunter on Apr 12, 2023.
             Was a Believer of Hepliaklqana.
             Slain by a sixfirhy (8 damage)
             ... summoned by a kobold demonologist
             ... on level 9 of the Dungeon.
             The game lasted 00:07:04 (6080 turns).

Newt the Skirmisher (Kobold Hunter)                 Turns: 6080, Time: 00:07:05

Health: 0/53       AC:  8    Str: 14    XL:     10   Next: 11%
Magic:  0/15       EV: 19    Int: 12    God:    Hepliaklqana [**....]
Gold:   404        SH:  0    Dex: 26    Spells: 12/15 levels left

rFire   x . .      SeeInvis .    s - +2 shortbow (elec)
rCold   . . .      Faith    .    (shield currently unavailable)
rNeg    . . .      Spirit   +    c - +0 leather armour
rPois   .          Reflect  .    (no helmet)
rElec   .          Rampage  .    l - +1 cloak
rCorr   .                        j - +2 pair of gloves
Will    .....                    (no boots)
Stlth   +++                      o - amulet of Ecloik {Spirit rF- Regen+ Str+6 Dex+4}
HPRegen 1.08/turn                t - ring of wizardry
MPRegen 0.14/turn                (no ring)

@: lethally poisoned (0 -> -1), slowed, very slow
A: reduced essence, small, no large weapons, nightstalker 3
a: Renounce Religion, Recall Ancestor, Ancestor Identity


You were on level 9 of the Dungeon.
You worshipped Hepliaklqana.
Hepliaklqana was pleased with you.
You visited 2 branches of the dungeon, and saw 10 of its levels.

You collected 404 gold pieces.

Inventory:

Hand Weapons
 a - a +0 shortbow
 s - a +2 shortbow of electrocution (weapon)
Missiles
 B - a throwing net
Armour
 c - a +0 leather armour (worn)
 j - a +2 pair of gloves (worn)
 l - a +1 cloak (worn)
 G - a +0 pair of gloves
Jewellery
 f - an amulet of regeneration
 m - an amulet of guardian spirit
 o - the amulet of Ecloik (around neck) {Spirit rF- Regen+ Str+6 Dex+4}
   (You found it on level 3 of the Dungeon)

   [amulet of guardian spirit]

   It causes incoming damage to be divided between your reserves of health and
   magic.
   Str:       It affects your strength (+6).
   Dex:       It affects your dexterity (+4).
   rF:        It makes you vulnerable to fire.
   Regen:     It increases your rate of health regeneration.
 t - a ring of wizardry (left hand)
 w - an amulet of magic regeneration
 F - a +6 ring of strength
Wands
 k - a wand of flame (59)
 r - a wand of light (22)
 y - a wand of roots (11)
Scrolls
 b - 2 scrolls of immolation
 n - a scroll of fog
 p - 2 scrolls of enchant armour
 q - 3 scrolls of teleportation
 x - a scroll of brand weapon
 A - a scroll of magic mapping
 E - a scroll of summoning
Potions
 d - 3 potions of attraction
 e - 2 potions of cancellation
 g - 3 potions of flight
 h - 3 potions of degeneration
 i - 4 potions of curing
 u - a potion of berserk rage
 v - 3 potions of haste
 z - 2 potions of lignification
 C - a potion of heal wounds
 D - a potion of mutation


   Skills:
 - Level 5.0 Fighting
 - Level 14.0 Ranged Weapons
 - Level 6.0 Dodging
 - Level 1.3 Stealth
 + Level 3.3 Spellcasting
 + Level 3.3 Hexes
 + Level 3.3 Translocations


You had 12 spell levels left.
You knew the following spells:

 Your Spells              Type           Power      Damage    Failure   Level
a - Portal Projectile     Hex/Tloc       20%        N/A       9%          3

Your spell library contained the following spells:

 Spells                   Type           Power      Damage    Failure   Level
 Slow                     Hex            40%        N/A       3%          1
 Ensorcelled Hibernation  Hex/Ice        12%        N/A       9%          2
 Tukima's Dance           Hex            10%        N/A       9%          3
 Necrotise                Necr           8%         1d4       12%         1
 Passwall                 Tmut/Erth      1%         N/A       17%         2
 Swiftness                Air            2%         N/A       32%         3
 Vampiric Draining        Necr           2%         2d6       32%         3
 Olgreb's Toxic Radiance  Pois           2%         N/A       71%         4
 Agony                    Necr           2%         N/A       96%         5
 Blade Hands              Tmut           1%         N/A       96%         5
 Discord                  Hex            5%         N/A       100%        8
 Ignition                 Fire           1%         3d3       100%        8


Dungeon Overview and Level Annotations

Branches:
Dungeon (9/15)             Temple (1/1) D:4
   Lair: D:8-11         Orc: D:9-12

Altars:
Ashenzari
Dithmenos
Elyvilon
Fedhas
Gozag
Hepliaklqana
Kikubaaqudgha
Nemelex Xobeh
Okawaru
Qazlal
Sif Muna
Trog
Uskayaw
Vehumet
Wu Jian
Xom
Yredelemnul
Zin
The Shining One


Innate Abilities, Weirdness & Mutations

Your life essence is reduced to manifest your ancestor. (-10% HP)
You are small and have problems with some larger weapons.
You are completely attuned to the shadows.


Message History

The ynoxinul gestures.
The kobold demonologist casts a spell.
Ulric blocks the kobold demonologist's attack.
The kobold demonologist hits you with a +2 dagger of venom.
* * * LOW HITPOINT WARNING * * *
You are poisoned.
Okay, then.
Unknown command.
Unknown command.
You feel much better.
You feel very sick.
The kobold demonologist gestures wildly while chanting.
Ulric hits the kobold demonologist with a +0 flail!
The kobold demonologist hits Ulric but does no damage.
The kobold demonologist looks satisfied for a moment.
Unknown command.
As you read the scroll of summoning, it crumbles to dust.
Wisps of shadow whirl around you...
You feel very sick. The sixfirhy misses you.
The sixfirhy hits you but does no damage.
The ufetubus hits Ulric but does no damage. x2
The ufetubus barely misses Ulric. x2
The sixfirhy hits you but does no damage.
The kobold demonologist hits Ulric with a +0 dagger.
The kobold demonologist gestures wildly while chanting.
Send 'em back where they came from!
Your kobold shudders. x2; Your howler monkey shudders.
The kobold demonologist gestures wildly while chanting.
Send 'em back where they came from!
Your kobold brigand shudders.
Your kobold dissolves into shadows! x2
Your kobold shudders.
Your howler monkey shudders. x2
Ulric closely misses the kobold demonologist.
The ufetubus barely misses Ulric.
Ulric blocks the ufetubus's attack.
The ynoxinul gestures.
The soul eater draws from the surrounding life force!
* * * LOW HITPOINT WARNING * * *
The sixfirhy hits you.
* * * LOW HITPOINT WARNING * * *
The sixfirhy shocks you!
You die...

#..#
##############..#################
.................................
...................##############
################KhK# # #.K.# #
#.Kh# # #h..# # #@.3# #### #K35#
.†.. 53RK# †... .555KK. ####
..5..5K.


You could see the friendly Ulric the knight, a soul eater (summoned, ally
target), 3 kobold demonologists, a sixfirhy (summoned), a ynoxinul (summoned), 2
kobold brigands, an iron imp (summoned), a shadow imp (summoned), 5 ufetubi, a
friendly kobold brigand (summoned), 3 friendly howler monkeys and 3 friendly
kobolds.

Vanquished Creatures
  Menkaure (D:5)
  A water moccasin (D:7)
  3 ice beasts
  A sky beast (D:6)
  A black bear (D:6)
  2 orc warriors (D:8)
  4 ogres
  A centaur (D:5)
  A phantom (D:7)
  3 scorpions
  A bullfrog (D:8)
  3 wights (D:8)
  10 killer bees
  3 orc priests
  4 hounds
  A sleepcap (D:5)
  Jessica (D:3)
  3 orc wizards
  3 iguanas
  7 gnolls
  11 adders
  A shadow imp (D:6)
  2 white imps
  3 ufetubi
  3 worms
  2 dart slugs
  14 orcs
  5 endoplasms
  5 giant cockroaches
  7 hobgoblins
  8 jackals
  7 quokkas
  5 ball pythons
  4 bats
  4 frilled lizards
  9 goblins
  8 kobolds
  9 rats
161 creatures vanquished.

Vanquished Creatures (collateral kills)
  A wight (D:8)
  2 sleepcaps
  A gnoll (D:6)
  An orc (D:8)
5 creatures vanquished.

Vanquished Creatures (others)
  2 ancestors (D:6)
  5 plants
7 creatures vanquished.

Grand Total: 173 creatures vanquished

Notes
Turn   | Place    | Note
-------+----------+-------------------------------------------
     0 | D:1      | Newt the Kobold Hunter began the quest for the Orb.
     0 | D:1      | Reached XP level 1. HP: 12/12 MP: 1/1
   198 | D:1      | Reached XP level 2. HP: 9/18 MP: 2/2
   400 | D:1      | Reached XP level 3. HP: 23/23 MP: 3/3
  1150 | D:2      | Reached XP level 4. HP: 30/30 MP: 4/4
  1386 | D:2      | Reached skill level 5 in Fighting
  1446 | D:2      | Noticed a scorpion
  1452 | D:2      | Killed a scorpion
  1453 | D:2      | Reached skill level 6 in Ranged Weapons
  1453 | D:2      | Reached XP level 5. HP: 34/35 MP: 5/5
  1455 | D:2      | Found a faded altar of an unknown god.
  1982 | D:3      | Reached skill level 7 in Ranged Weapons
  2044 | D:3      | Identified the amulet of Ecloik {Spirit rF- Regen+ Str+6
                  | Dex+4}
  2110 | D:3      | Reached XP level 6. HP: 40/40 MP: 6/6
  2177 | D:3      | Found a bloodstained altar of Trog.
  2185 | D:3      | Found a shimmering blue altar of Sif Muna.
  2185 | D:3      | Noticed Jessica
  2187 | D:3      | Killed Jessica
  2191 | D:3      | Got Sif Muna's Folio of the Wyrd
  2647 | D:4      | Found a staircase to the Ecumenical Temple.
  2656 | Temple   | Entered the Ecumenical Temple
  2672 | Temple   | Became a worshipper of Hepliaklqana the Forgotten
  2764 | D:4      | Reached skill level 8 in Ranged Weapons
  2818 | D:4      | Found a broken altar of Ashenzari.
  2945 | D:4      | You fall into a shaft and drop 1 floor!
  2945 | D:5      | Entered Level 5 of the Dungeon
  2966 | D:5      | Noticed an ogre
  2969 | D:5      | Reached skill level 9 in Ranged Weapons
  2969 | D:5      | Reached XP level 7. HP: 26/44 MP: 7/7
  3113 | D:5      | Found a hide-covered altar of Uskayaw.
  3137 | D:5      | Noticed Menkaure
  3144 | D:5      | Killed Menkaure
  3145 | D:5      | Reached skill level 10 in Ranged Weapons
  3169 | D:5      | Reached XP level 8. HP: 42/49 MP: 8/8
  3189 | D:5      | Found a shadowy altar of Dithmenos.
  3202 | D:5      | Reached skill level 5 in Dodging
  3296 | D:5      | Found Zutoqeish's Assorted Antiques.
  3816 | D:5      | Found an ornate altar of the Wu Jian Council.
  3965 | D:5      | Reached * piety under Hepliaklqana
  4001 | D:5      | Identified the +7 hand axe of a bazaar {speed, Int+2}
  4002 | D:5      | Identified the +8 dagger "X" {heavy, rF+ rN++ rCorr Str-2}
  4069 | D:5      | Found a blossoming altar of Fedhas.
  4213 | D:6      | Noticed a fire elemental
  4214 | D:6      | Found a stormy altar of Qazlal.
  4214 | D:6      | Noticed a water elemental
  4255 | D:6      | Reached skill level 11 in Ranged Weapons
  4320 | D:6      | Found a white marble altar of Elyvilon.
  4355 | D:6      | Reached skill level 12 in Ranged Weapons
  4355 | D:6      | Reached XP level 9. HP: 48/48 MP: 9/9
  4500 | D:6      | Reached skill level 13 in Ranged Weapons
  5064 | D:7      | Reached ** piety under Hepliaklqana
  5066 | D:7      | Remembered your ancestor Ulric as a knight
  5412 | D:8      | Reached skill level 14 in Ranged Weapons
  5425 | D:8      | Reached skill level 1 in Spellcasting
  5425 | D:8      | Reached skill level 1 in Hexes
  5425 | D:8      | Reached skill level 1 in Translocations
  5668 | D:8      | Reached XP level 10. HP: 53/53 MP: 12/14
  5766 | D:8      | Learned a level 3 spell: Portal Projectile
  6072 | D:9      | Noticed a kobold demonologist
  6073 | D:9      | Noticed a kobold demonologist
  6075 | D:9      | Noticed a kobold demonologist
  6076 | D:9      | Noticed a sixfirhy
  6080 | D:9      | Noticed a soul eater
  6080 | D:9      | Slain by a sixfirhy

Illustrated notes

Levels and vault maps discovered:
D:1:      evilmike_arrival_rings, layout_basic, minmay_small_reverse_x
D:2:      layout_rooms, hellmonk_ecumenical_altar_leap_of_faith,
          minmay_pentomino_p4
D:3:      layout_loops_ring, nzn_overflow_gifts_of_might_and_magic
D:4:      layout_loops_ring, cheibrodos_ashenzari_chains,
          minmay_temple_entry_mini_moons, guppyfry_early_lair_pool
D:5:      layout_cave_pools, mainiacjoe_overflow_boulevard,
          lemuel_crystal_altar, mainiacjoe_overflow_catwalk_spiral,
          serial_shops, nicolae_shop_overgrown_old_shop, uniq_menkaure
D:6:      layout_loops_ring, elyvilon_altar_5, nicolae_qazlal_style_of_elements,
          minmay_statues_item
D:7:      layout_cave_pools
D:8:      layout_rooms
D:9:      layout_long_grid, gammafunk_temple_overflow_elements
Temple:   hellmonk_temple_rainy

Skill      XL: |  1  2  3  4  5  6  7  8  9 10 |
---------------+-------------------------------+-----
Fighting       | 3 4 5 |  5.0
Ranged Weapons | 6 7 9 10 12 14 | 14.0
Dodging        | 4 6 |  6.0
Spellcasting   | 2 3 |  3.3
Hexes          | 2 3 |  3.3
Translocations | 2 3 |  3.3
Stealth        | |  1.3

Action                     |  1- 3 |  4- 6 |  7- 9 | 10-12 || total
---------------------------+-------+-------+-------+-------++-------
   Fire: Shortbow          |    71 |   169 |   213 |    21 ||   474
   Cast: Portal Projectile |       |       |       |     3 ||     3
 Invoke: Ancestor Life: Kn |       |       |     1 |       ||     1
    Use: Scroll            |     2 |    10 |     9 |     1 ||    22
         Potion            |       |     1 |     1 |     1 ||     3
 Armour: Leather armour    |     4 |    41 |     7 |     3 ||    55
  Dodge: Dodged            |    23 |    89 |    62 |    10 ||   184

Table legend: (Time is in decaauts)
 A = Elapsed time spent in this place.
 B = Non-inter-level travel time spent in this place.
 C = Inter-level travel time spent in this place.
 D = Time resting spent in this place.
 E = Time spent auto-exploring this place.
 F = Levels seen in this place.
 G = Mean time per level.
                   A        B        C        D        E       F      G
               +--------+--------+--------+--------+--------+-----+--------+
         Total |   6123 |   5873 |    250 |    150 |   4828 |  10 |  612.3 |
       Dungeon |   6094 |   5856 |    238 |    150 |   4822 |   9 |  677.1 |
        Temple |     28 |     16 |     12 |      0 |      6 |   1 |   28.0 |
               +--------+--------+--------+--------+--------+-----+--------+

Top non-repeatable levels by time:
     D:1: 1136 daAuts
     D:3: 825 daAuts
     D:4: 805 daAuts
     D:6: 766 daAuts
     D:5: 760 daAuts
     D:2: 660 daAuts
     D:8: 549 daAuts
     D:7: 439 daAuts
     D:9: 151 daAuts
  Temple: 28 daAuts
